 Dungeon Crawl Stone Soup version 0.28-a0-592-g6fc52098c6 (webtiles) character file.

Game seed: 16758148278932733062

35 Johnny the Chiller (level 3, -2/28 (29) HPs)
             Began as a Draconian Ice Elementalist on Oct 4, 2021.
             Slain by Crazy Yiuf (8 damage)
             ... on level 2 of the Dungeon.
             The game lasted 00:01:29 (2414 turns).

Johnny the Chiller (Draconian Ice Elementalist)     Turns: 2414, Time: 00:01:29

HP:   -2/28 (29)    AC:  5    Str: 10    XL:     3   Next: 17%
MP:   4/6           EV: 12    Int: 16    God:
Gold: 121           SH:  0    Dex: 11    Spells: 3/7 levels left

rFire   . . .      SeeInvis .   (no weapon)
rCold   + . .      Faith    .   (no shield)
rNeg    . . .      Spirit   .   (armour unavailable)
rPois   .          Reflect  .   (helmet restricted)
rElec   .          Harm     .   (no cloak)
rCorr   .          Rampage  .   (no gloves)
Will    .....                   (no boots)
Stlth   ++........              g - amulet of magic regeneration
HPRegen 0.09/turn               b - ring of protection from cold
MPRegen 0.35/turn               (no ring)

@: slowed, lightly drained, very slow
A: AC +5, unfitting armour, cold-blooded
a: no special abilities


You were on level 2 of the Dungeon.
You visited 1 branch of the dungeon, and saw 2 of its levels.

You collected 121 gold pieces.

Inventory:

Missiles
 c - 2 throwing nets
Jewellery
 b - a ring of protection from cold (left hand)
 d - an amulet of reflection
 g - an amulet of magic regeneration (around neck)
Scrolls
 a - 2 scrolls of identify {unknown}
 e - a scroll of torment {unknown}
 f - a scroll of enchant weapon {unknown}
 h - a scroll of fear {unknown}
Potions
 i - a potion of attraction {unknown}


   Skills:
 + Level 1.6 Fighting
 - Level 1.7 Dodging
 - Level 1.7 Stealth
 + Level 2.5 Spellcasting
 + Level 4.3 Ice Magic


You had 3 spell levels left.
You knew the following spells:

 Your Spells              Type           Power      Damage    Failure   Level
a - Freeze                Ice            64%        1d8       3%          1
b - Frozen Ramparts       Ice            32%        1d5       10%         3

Your spell library contained the following spells:

 Spells                   Type           Power      Damage    Failure   Level
 Ozocubu's Armour         Ice            16%        N/A       10%         3
 Summon Guardian Golem    Hex/Summ       2%         N/A       52%         3
 Hailstorm                Conj/Ice       9%         3d4       63%         4
 Orb of Destruction       Conj           1%         N/A       100%        7
 Spellforged Servitor     Conj/Summ      1%         N/A       100%        7


Dungeon Overview and Level Annotations

Branches:
Dungeon (2/15)

Altars:

Annotations:
D:2 Crazy Yiuf


Innate Abilities, Weirdness & Mutations

Your plain brown scales are hard. (AC +5)
You cannot fit into any form of body armour.
You are cold-blooded and may be slowed by cold attacks.


Message History

Found a stone staircase leading down.
No target in view!
Crazy Yiuf shouts!
Key pressed, stopping explore.
Could not explore, unopened runed door.
Could not explore, unopened runed door.
Could not explore, unopened runed door.
You open the door.
Crazy Yiuf cries, "Gnoll ena down!"
Casting: Freeze (safe; 3% risk of failure)
Confirm with . or Enter, or press ? or * to list all spells.
Aiming: Freeze (safe; 3% risk of failure)
Press: ? - help, Shift-Dir - straight line, f - Crazy Yiuf
Aim: Crazy Yiuf, wielding a +4 quarterstaff of chaos and wearing a +0 cloak You freeze Crazy Yiuf!
Crazy Yiuf is moderately wounded.
Crazy Yiuf hits you with a +4 quarterstaff of chaos!
You feel yourself slow down.
Casting: Freeze (safe; 3% risk of failure)
Confirm with . or Enter, or press ? or * to list all spells.
Aiming: Freeze (safe; 3% risk of failure)
Press: ? - help, Shift-Dir - straight line, f/p - Crazy Yiuf
Aim: Crazy Yiuf, wielding a +4 quarterstaff of chaos and wearing a +0 cloak (moderately wounded)
You freeze Crazy Yiuf!
Crazy Yiuf is severely wounded.
Crazy Yiuf hits you with a +4 quarterstaff of chaos!
* * * LOW HITPOINT WARNING * * *
You feel drained.
* * * LOW HITPOINT WARNING * * *
Unknown command.
Casting: Freeze (safe; 3% risk of failure)
Confirm with . or Enter, or press ? or * to list all spells.
Aiming: Freeze (safe; 3% risk of failure)
Press: ? - help, Shift-Dir - straight line, f/p - Crazy Yiuf
Aim: Crazy Yiuf, wielding a +4 quarterstaff of chaos and wearing a +0 cloak (severely wounded)
You freeze Crazy Yiuf.
Crazy Yiuf is almost dead.
Crazy Yiuf says, "Sif Muna ragdoll Xom!"
Crazy Yiuf hits you with a +4 quarterstaff of chaos!
You die...

########..........#.....##.....##
#.##.#####.#.....##.....##
####.##.# #.#.....##.....##
#....#### ##########.....##
####.# #......## #.#
♣♣♣♣♣##.##+#### #.# ###
♣♣♣.♣...+.##.# # #.#
#...#♣..♣......##.# # #.#
#...g@♣♣♣♣PP....#.# # #.# #)..#♣♣
♣♣P.+....# #.# ### ♣♣####### ###


You could see Crazy Yiuf.

Vanquished Creatures
  A dart slug (D:2)
  2 ball pythons
  4 endoplasms
  3 giant cockroaches
  3 goblins (D:1)
  3 hobgoblins
  2 quokkas
  5 bats
  A frilled lizard (D:1)
  2 kobolds (D:2)
  4 rats
30 creatures vanquished.

Notes
Turn   | Place    | Note
-------+----------+-------------------------------------------
     0 | D:1      | Johnny the Draconian Ice Elementalist began the quest for
                  | the Orb.
     0 | D:1      | Reached XP level 1. HP: 14/14 MP: 3/3
   520 | D:1      | Reached XP level 2. HP: 13/22 MP: 1/5
   570 | D:1      | Reached skill level 1 in Fighting
  1885 | D:2      | Found a runed translucent door.
  1886 | D:2      | Noticed Crazy Yiuf
  1935 | D:2      | Reached XP level 3. HP: 28/28 MP: 6/6
  1939 | D:2      | Learned a level 3 spell: Frozen Ramparts
  2414 | D:2      | Slain by Crazy Yiuf

Illustrated notes

Levels and vault maps discovered:
D:1:      nicolae_arrival_memento_mori, layout_loops_ring, minmay_pentomino_p4
D:2:      layout_basic, uniq_crazy_yiuf_cottage

Skill      XL: |  1  2 |
---------------+-------+-----
Fighting       | 1 |  1.6
Dodging        | |  1.7
Stealth        | |  1.7
Spellcasting   | |  2.5
Ice Magic      | |  4.3

Action                   || total
-------------------------++-------
Melee: Unarmed           ||   132
       Tailslap          ||    11
 Cast: Freeze            ||    28
 Stab: Sleeping          ||     5
Armor: Skin              ||    48
Dodge: Dodged            ||   100

Table legend: (Time is in decaauts)
 A = Elapsed time spent in this place.
 B = Non-inter-level travel time spent in this place.
 C = Inter-level travel time spent in this place.
 D = Time resting spent in this place.
 E = Time spent auto-exploring this place.
 F = Levels seen in this place.
 G = Mean time per level.
                   A        B        C        D        E       F      G
               +--------+--------+--------+--------+--------+-----+--------+
         Total |   2413 |   2394 |     19 |      0 |   2090 |   2 | 1206.5 |
       Dungeon |   2413 |   2394 |     19 |      0 |   2090 |   2 | 1206.5 |
               +--------+--------+--------+--------+--------+-----+--------+

Top non-repeatable levels by time:
     D:1: 1225 daAuts
     D:2: 1188 daAuts
